 Dungeon Crawl Stone Soup version 0.26-a0-491-g70697cc071 (webtiles) character file.

Game seed: 10414005281750812935

111 MrRokkomies the Slasher (level 4, -1/31 HPs)
             Began as an Octopode Chaos Knight on Aug 5, 2020.
             Was a Plaything of Xom.
             Slain by a crimson imp (3 damage)
             ... summoned by Xom
             ... on level 2 of the Dungeon.
             The game lasted 00:02:13 (6332 turns).

MrRokkomies the Slasher (Octopode Chaos Knight)     Turns: 6332, Time: 00:02:14

Health: -1/31      AC:  1    Str:  9    XL:     4   Next: 92%
Magic:  4/4        EV: 14    Int: 15    God:    Xom [......]
Gold:   76         SH:  0    Dex: 11    Spells: 3/3 levels left

rFire    . . .     SeeInvis .   a - +0 falchion (chaos)
rCold    . . .     Faith    .   (no shield)
rNeg     . . .     Spirit   .   (helmet restricted)
rPois    .         Reflect  .   (no amulet)
rElec    .         Harm     .   (no ring)
rCorr    .                      (no ring)
MR       .....                  (no ring)
Stlth    +++.......             (no ring)
HPRegen  0.10/turn              (no ring)
MPRegen  0.09/turn              (no ring)
                                (no ring)
                                (no ring)

@: lethally poisoned (-1 -> -14), lightly drained
A: almost no armour, stealthy swim, amphibious, 8 rings, constrict 8, camouflage
1, blink, blurry vision 1, sense surroundings 1, screaming 2, weak 1, gelatinous
body 1, MP-powered wands
a: Blink, Renounce Religion


You were on level 2 of the Dungeon.
You worshipped Xom.
You were a very special plaything of Xom.
You visited 1 branch of the dungeon, and saw 2 of its levels.

You collected 76 gold pieces.

Inventory:

Hand Weapons
 a - a +0 falchion of chaos (weapon)
Scrolls
 b - a scroll of immolation {unknown}
 c - a scroll of fear {unknown}
 d - a scroll of magic mapping {unknown}
 e - a scroll of remove curse {unknown}
 f - 2 scrolls of fog {unknown}
 g - 2 scrolls of enchant armour {unknown}
 h - a scroll of random uselessness {unknown}
 i - a scroll of noise {unknown}
 j - a scroll of enchant weapon {unknown}
 l - a scroll of blinking {unknown}
 m - a scroll of identify {unknown}
Potions
 k - a potion of brilliance {unknown}
 n - a potion of lignification {unknown}
 o - a potion of might {unknown}
 p - a potion of berserk rage {unknown}


   Skills:
 + Level 3.4(3.0) Fighting
 * Level 3.9(3.5) Long Blades
 * Level 3.5(3.0) Dodging
 + Level 2.4(2.0) Stealth


You had 3 spell levels left.
You didn't know any spells.
Your spell library was empty.

Dungeon Overview and Level Annotations

Branches:
Dungeon (2/15)

Altars:
Gozag
Xom

Annotations:
Abyss:1 Terence


Innate Abilities, Weirdness & Mutations

You cannot wear most types of armour.
You are very stealthy in the water. (Stealth+)
You are amphibious.
You can wear up to eight rings at the same time.
You can use your tentacles to constrict eight enemies at once.
Your skin changes colour to match your surroundings (Stealth+).
Your rubbery body absorbs attacks. (AC +1, EV +1)
You can translocate small distances at will.
Scrolls take you a little longer to read.
You passively map a small area around you.
You sometimes yell uncontrollably at your foes.
You are weak. (Str -2)
You expend magic power (3 MP) to strengthen your wands.


Message History

The orange demon misses you. The crimson imp hits you.
You hit the crimson imp but do no damage.
The crimson imp seems to speed up.
Xom thinks this is hilarious!
You constrict the crimson imp.
The crimson imp hits you but does no damage.
The orange demon stings you from afar!
* * * LOW HITPOINT WARNING * * *
You are lethally poisoned!
The orange demon poisons you!
You hit the crimson imp.
Space warps horribly around the crimson imp!
You squeeze the crimson imp.
The crimson imp is almost dead.
You constrict the crimson imp, but do no damage.
* * * LOW HITPOINT WARNING * * *
You feel sick. The crimson imp hits you.
* * * LOW HITPOINT WARNING * * *
The crimson imp hits you.
You die...

###..>.##.#.#
#.####..#
#.#..##.#.###.##....#
#.#..##.#.....##.#..#
#.#..##.####<###.####
#.#..##.# #.#.....#
###.#..##.# ##.#.#.###
.......##.###..#.._..#
...............###.#.#
#####.###.####.#@55..#
##........########4###
##.#.###.............#
##.#.# #.########.#..#
##.#.# #.# #.#..#
##.#.# #.# #.#..#
##.#.###.## ####.#..#
##.#.##.#.####.......#
.......###..........##


You could see an orange demon (summoned), a crimson imp (summoned, fast) and a
shadow imp (summoned).

Vanquished Creatures
  4 adders (D:2)
  2 oozes (D:1)
  2 worms (D:2)
  2 dart slugs
  2 ball pythons
  3 giant cockroaches
  A goblin (D:1)
  A hobgoblin (D:1)
  2 jackals (D:1)
  A quokka (D:2)
  2 bats (D:2)
  2 frilled lizards
  5 kobolds
  6 rats
35 creatures vanquished.

Notes
Turn   | Place    | Note
-------+----------+-------------------------------------------
     0 | D:1      | MrRokkomies the Octopode Chaos Knight began the quest for
                  | the Orb.
     0 | D:1      | Reached XP level 1. HP: 16/16 MP: 1/1
   131 | D:1      | XOM: silly message
   231 | D:1      | XOM: divination: detect creatures
   776 | D:1      | XOM: cloud trail
   784 | D:1      | XOM: scenery: 1 doors open
   923 | D:1      | XOM: butterfly on damage
   925 | D:1      | XOM: noise
   927 | D:1      | Reached XP level 2. HP: 15/21 MP: 2/2
   936 | D:1      | XOM: 1-stop teleportation journey
  1046 | D:1      | Reached skill level 1 in Stealth
  1345 | D:1      | Reached XP level 3. HP: 26/26 MP: 3/3
  1647 | D:1      | XOM: divination: magic mapping
  1660 | D:1      | XOM: silly message
  1770 | D:1      | XOM is BORED!
  1776 | D:1      | XOM: give mutations
  1776 | D:1      | Gained mutation: You are clumsy. (Dex -2) [Xom's mischief]
  1776 | D:1      | Gained mutation: You are weak. (Str -2) [Xom's mischief]
  1776 | D:1      | Gained mutation: You are frail. (-10% HP) [Xom's mischief]
  1783 | D:1      | XOM: scenery: create altars
  2527 | D:1      | XOM: draining
  2648 | D:1      | XOM: cloud trail
  3920 | D:1      | XOM: give mutations
  3920 | D:1      | Lost mutation: You are clumsy. (Dex -2) [Xom's mischief]
  3920 | D:1      | Gained mutation: You occasionally shout uncontrollably at
                  | your foes. [Xom's mischief]
  4817 | D:1      | XOM: silly message
  4849 | D:1      | XOM: give mutations
  4849 | D:1      | Gained mutation: You sometimes yell uncontrollably at your
                  | foes. [Xom's mischief]
  4849 | D:1      | Lost mutation: You are weak. (Str -2) [Xom's mischief]
  4849 | D:1      | Gained mutation: Scrolls take you a little longer to read.
                  | [Xom's mischief]
  4849 | D:1      | Gained mutation: You are weak. (Str -2) [Xom's mischief]
  5085 | D:2      | XOM: 1-stop teleportation journey
  5236 | D:2      | Noticed Terence
  5237 | D:2      | XOM: noise
  5239 | D:2      | Banished Terence
  5239 | D:2      | Reached XP level 4. HP: 27/27 MP: 4/4
  5358 | D:2      | XOM: noise
  5384 | D:2      | XOM: 1-stop teleportation journey
  5390 | D:2      | XOM: polymorph bat -> frilled lizard
  5751 | D:2      | XOM: give mutations
  5751 | D:2      | Gained mutation: You expend magic power (3 MP) to
                  | strengthen your wands. [Xom's grace]
  5751 | D:2      | Lost mutation: You are frail. (-10% HP) [Xom's grace]
  5751 | D:2      | Gained mutation: You can translocate small distances at
                  | will. [Xom's grace]
  5751 | D:2      | Gained mutation: You passively map a small area around you.
                  | [Xom's grace]
  5828 | D:2      | XOM: noise
  6219 | D:2      | Found an opulent altar of Gozag.
  6327 | D:2      | XOM: summons 3 hostile demons
  6328 | D:2      | Noticed an orange demon
  6332 | D:2      | Slain by a crimson imp

Illustrated notes

Levels and vault maps discovered:
D:1:      dpeg_arrival_court, layout_rooms, palyth_stone_intersect,
          hangedman_decor_points
D:2:      layout_loops_ring, nicolae_gozag_cash_rules_everything_around_me,
          uniq_terence

Skill      XL: |  1  2  3  4 |
---------------+-------------+-----
Stealth        | 1 2 |  2.4
Dodging        | 3 |  3.5
Fighting       | |  3.4
Long Blades    | |  3.9

Action                   |  1- 3 |  4- 6 || total
-------------------------+-------+-------++-------
Melee: Falchion          |    33 |    50 ||    83
       Constrict         |     8 |    15 ||    23
       Tentacles         |     3 |     7 ||    10
 Stab: Sleeping          |     7 |     2 ||     9
       Distracted        |       |     1 ||     1
Armor: Skin              |     1 |     3 ||     4
Dodge: Dodged            |    16 |    35 ||    51
       Rpst.: Falchion   |     6 |    11 ||    17

Table legend: (Time is in decaauts)
 A = Elapsed time spent in this place.
 B = Non-inter-level travel time spent in this place.
 C = Inter-level travel time spent in this place.
 D = Time resting spent in this place.
 E = Time spent auto-exploring this place.
 F = Levels seen in this place.
 G = Mean time per level.
                   A        B        C        D        E       F      G
               +--------+--------+--------+--------+--------+-----+--------+
         Total |   6343 |   6320 |     23 |   4423 |   1669 |   2 | 3171.5 |
       Dungeon |   6343 |   6320 |     23 |   4423 |   1669 |   2 | 3171.5 |
               +--------+--------+--------+--------+--------+-----+--------+

Top non-repeatable levels by time:
     D:1: 4976 daAuts
     D:2: 1367 daAuts
